cohdb
Replays
Latest Replays
All Replays
Popular Replays
Top Player Replays
Match Explorer
How It Works
Community
CoH3 Stats
Reddit
Sign in to upload your games and track your stats! →
Sign in with Steam
Match 38604372
Unlisted
Match 38604372
Overview
Messages
Build Orders
End
Kettenkrad Recon Vehicle
Construct Infanterie Kompanie
MG 42 Machine Gun Team
Grenadier Squad
MG 42 Machine Gun Team
Construct Luftwaffe Kompanie
Pioneer Squad
221 Scout Car
Medical Bunker
Jäger Squad
Selects Mechanized Battlegroup
Selects Raid Package
Infanterie Officer Quarters
Support Elements
Selects StuG Assault Group
StuG Assault Group
Jäger Squad
Marder III M Tank Destroyer
Pioneer Squad
Selects Spotting Scopes
Construct Panzer Kompanie
Selects Wespe Self-propelled Artillery
Wespe Self-propelled Artillery
Selects UNKNOWN (2160084)
Panther Heavy Tank
Pioneer Squad
Selects Mechanized Assault
StuG Assault Group
Pioneer Squad
Panzer Officer Quarters
Pioneer Squad
Luftwaffe Officer Quarters
Construct Panzer Kompanie
Panzer IV Medium Tank
Pioneer Squad
Mechanized Assault
只愛❤毛妹
Stanley_IceMan_PL
0
0
Comments
sign in to comment!
No comments posted yet!